 Dungeon Crawl Stone Soup version 0.28-a0-1038-g9c4cb8273d (webtiles) character file.

Game seed: 17041751302380582009

37 fragbeetle the Grasshopper (level 3, -2/31 HPs)
             Began as a Gnoll Warper on Dec 8, 2021.
             Slain by an orc (8 damage)
             ... on level 2 of the Dungeon.
             The game lasted 00:02:28 (1419 turns).

fragbeetle the Grasshopper (Gnoll Warper)           Turns: 1419, Time: 00:02:29

Health: -2/31      AC:  3    Str: 10    XL:     3   Next: 41%
Magic:  9/9        EV: 12    Int: 14    God:
Gold:   59         SH:  0    Dex: 11    Spells: 10/12 levels left

rFire   + . .      SeeInvis .   a - +0 spear
rCold   + . .      Faith    .   (no shield)
rNeg    . . .      Spirit   .   b - +0 leather armour
rPois   .          Reflect  .   (no helmet)
rElec   .          Harm     .   (no cloak)
rCorr   .          Rampage  .   (no gloves)
Will    .....                   (no boots)
Stlth   +.........              (no amulet)
HPRegen 0.10/turn               e - ring of protection from fire
MPRegen 0.11/turn               g - ring of protection from cold

@: no status effects
A: fangs 1, strong nose, distributed training
a: no special abilities


You were on level 2 of the Dungeon.
You visited 1 branch of the dungeon, and saw 2 of its levels.

You collected 59 gold pieces.

Inventory:

Hand Weapons
 a - a +0 spear (weapon)
Missiles
 d - 5 boomerangs of dispersal (quivered)
Armour
 b - a +0 leather armour (worn)
Jewellery
 e - a ring of protection from fire (left hand)
 g - a ring of protection from cold (right hand)
Scrolls
 c - a scroll of blinking
 f - a scroll of silence {unknown}
 h - a scroll of torment {unknown}
 i - 2 scrolls of identify {unknown}
 k - a scroll of magic mapping {unknown}
 l - a scroll of enchant weapon {unknown}
 m - 3 scrolls of noise {unknown}
Potions
 j - a potion of flight {unknown}
 n - a potion of magic {unknown}
 o - a potion of lignification {unknown}
 p - a potion of berserk rage {unknown}


   Skills:
 + Level 4.5 Fighting
 + Level 0.8 Short Blades
 + Level 0.8 Long Blades
 + Level 0.8 Axes
 + Level 0.8 Maces & Flails
 + Level 4.5 Polearms
 + Level 0.8 Staves
 + Level 0.8 Slings
 + Level 0.8 Bows
 + Level 0.8 Crossbows
 + Level 2.6 Throwing
 + Level 2.6 Armour
 + Level 4.5 Dodging
 + Level 0.8 Stealth
 + Level 0.8 Shields
 + Level 0.8 Unarmed Combat
 + Level 5.0 Spellcasting
 + Level 0.5 Conjurations
 + Level 0.5 Hexes
 + Level 0.5 Summonings
 + Level 0.5 Necromancy
 + Level 5.4 Translocations
 + Level 0.5 Transmutations
 + Level 0.5 Fire Magic
 + Level 0.5 Ice Magic
 + Level 0.5 Air Magic
 + Level 0.5 Earth Magic
 + Level 0.5 Poison Magic
 + Level 1.0 Invocations
 + Level 0.8 Evocations


You had 10 spell levels left.
You knew the following spells:

 Your Spells              Type           Power      Damage    Failure   Level
a - Blink                 Tloc           36%        N/A       3%          2

Your spell library contained the following spells:

 Spells                   Type           Power      Damage    Failure   Level
 Gell's Gravitas          Tloc           18%        N/A       8%          3
 Lesser Beckoning         Tloc           18%        N/A       8%          3
 Teleport Other           Tloc           18%        N/A       8%          3
 Manifold Assault         Tloc           18%        N/A       56%         5


Dungeon Overview and Level Annotations

Branches:
Dungeon (2/15)

Altars:


Innate Abilities, Weirdness & Mutations

You have very sharp teeth.
Your uncanny sense of smell can sniff out nearby items.
Your experience applies equally to all skills.


Message History

The orc misses you.
You hit the orc but do no damage.
The orc is severely wounded.
The orc misses you.
You hit the orc.
The orc is almost dead.
The orc closely misses you.
You hit the orc but do no damage.
The orc is almost dead.
The orc barely misses you.
You hit the orc.
You kill the orc!
The rat bites you but does no damage.
Items here: )) ? ††.
The orc shouts!
You hit the rat.
You kill the rat!
Your Invocations skill increases to level 1!
You see here a rat corpse.
Items here: )) ? ††.
You hit the orc but do no damage. The orc closely misses you.
You hit the orc.
The orc is lightly wounded.
The orc closely misses you.
You closely miss the orc. Your bite misses the orc.
You hit the orc but do no damage. You punch the orc, but do no damage.
The orc closely misses you.
You barely miss the orc. The orc hits you with a +0 flail.
You barely miss the orc. Your bite misses the orc. The orc closely misses you.
You barely miss the orc. The orc hits you with a +0 flail.
You hit the orc but do no damage. The orc closely misses you.
You closely miss the orc. You bite the orc, but do no damage.
The orc hits you with a +0 flail.
* * * LOW HITPOINT WARNING * * *
You hit the orc.
The orc is moderately wounded.
You hit the orc but do no damage.
The orc is moderately wounded.
The orc hits you with a +0 flail!
You die...

.... ....####
..>.... #..#.#
.# #..#.### ..
#...... #.#
##.#.##### ...
#...†)o@.# #.#
#.......###.##
..
##########...#
#.#.# # #...#
#.#.# # #...#
#.#.#####
#...#
####.#....##
.# #...#
#.........##
.#
#...###.##..#
#... .#
##..........#
#..#


You could see an orc.

Vanquished Creatures
  An adder (D:2)
  2 orcs (D:2)
  An endoplasm (D:1)
  3 giant cockroaches (D:1)
  4 goblins
  2 hobgoblins (D:1)
  3 kobolds
  4 ball pythons
  A bat (D:1)
  A frilled lizard (D:1)
  3 rats
25 creatures vanquished.

Vanquished Creatures (others)
  A fungus (D:2)
1 creature vanquished.

Grand Total: 26 creatures vanquished

Notes
Turn   | Place    | Note
-------+----------+-------------------------------------------
     0 | D:1      | fragbeetle the Gnoll Warper began the quest for the Orb.
     0 | D:1      | Reached XP level 1. HP: 20/20 MP: 6/6
   276 | D:1      | Reached XP level 2. HP: 19/26 MP: 7/7
   288 | D:1      | Learned a level 2 spell: Blink
  1218 | D:2      | Reached skill level 5 in Spellcasting
  1218 | D:2      | Reached XP level 3. HP: 28/31 MP: 7/9
  1403 | D:2      | Reached skill level 1 in Invocations
  1419 | D:2      | Slain by an orc

Illustrated notes

Levels and vault maps discovered:
D:1:      scummos_arrival_forest, layout_loops_ring
D:2:      layout_loops_cross, shapermc_ecumenical_altar_hornbeckon,
          minmay_split_cup_small

Skill      XL: |  1  2  3 |
---------------+----------+-----
Spellcasting   | 5 |  5.0
Invocations    | 1 |  1.0
Fighting       | |  4.5
Short Blades   | |  0.8
Long Blades    | |  0.8
Axes           | |  0.8
Maces & Flails | |  0.8
Polearms       | |  4.5
Staves         | |  0.8
Slings         | |  0.8
Bows           | |  0.8
Crossbows      | |  0.8
Throwing       | |  2.6
Armour         | |  2.6
Dodging        | |  4.5
Stealth        | |  0.8
Shields        | |  0.8
Unarmed Combat | |  0.8
Conjurations   | |  0.5
Hexes          | |  0.5
Summonings     | |  0.5
Necromancy     | |  0.5
Translocations | |  5.4
Transmutations | |  0.5
Fire Magic     | |  0.5
Ice Magic      | |  0.5
Air Magic      | |  0.5
Earth Magic    | |  0.5
Poison Magic   | |  0.5
Evocations     | |  0.8

Action                   || total
-------------------------++-------
Melee: Spear             ||   108
       Bite              ||     8
       Punch             ||     1
 Stab: Sleeping          ||     1
Armor: Leather armour    ||    20
Dodge: Dodged            ||    65

Table legend: (Time is in decaauts)
 A = Elapsed time spent in this place.
 B = Non-inter-level travel time spent in this place.
 C = Inter-level travel time spent in this place.
 D = Time resting spent in this place.
 E = Time spent auto-exploring this place.
 F = Levels seen in this place.
 G = Mean time per level.
                   A        B        C        D        E       F      G
               +--------+--------+--------+--------+--------+-----+--------+
         Total |   1405 |   1376 |     29 |    191 |    864 |   2 |  702.5 |
       Dungeon |   1405 |   1376 |     29 |    191 |    864 |   2 |  702.5 |
               +--------+--------+--------+--------+--------+-----+--------+

Top non-repeatable levels by time:
     D:1: 1001 daAuts
     D:2: 404 daAuts
